 Dungeon Crawl Stone Soup version 0.28-a0-1033-g1a2f33fa85 (console) character file.

Game seed: 7648528607324667041

134509 petzl the Covert (level 17, -11/123 HPs)
             Began as an Octopode Arcane Marksman on Dec 8, 2021.
             Was a High Priest of Vehumet.
             Killed from afar by a salamander tyrant (48 damage)
             ... with a flame surge
             ... on level 2 of the Snake Pit on Dec 9, 2021.
             The game lasted 06:04:16 (44260 turns).

petzl the Covert (Octopode Arcane Marksman)        Turns: 44260, Time: 06:04:17

Health: -11/123    AC:  7    Str: 21    XL:     17   Next: 17%
Magic:  19/33      EV: 15    Int: 22    God:    Vehumet [*****.]
Gold:   424        SH:  0    Dex: 17    Spells: 2/40 levels left

rFire   . . .      SeeInvis +   a - +4 hand crossbow (vorpal)
rCold   + + +      Faith    .   (no shield)
rNeg    . . .      Spirit   .   l - +2 hat
rPois   +          Reflect  .   I - amulet of Tiahod {Acrobat Fragile rC+++ Regen+ Dex+3}
rElec   .          Harm     .   w - +6 ring of strength
rCorr   .          Rampage  .   A - +4 ring of protection
Will    ++...                   G - ring of flight
Stlth   +++++++...              r - +4 ring of slaying
HPRegen 1.10/turn               p - ring of poison resistance
MPRegen 0.23/turn               X - +6 ring of strength
                                u - ring of willpower
                                L - ring of see invisible

@: flying, very slightly contaminated
A: almost no armour, amphibious, 8 rings, camouflage 1, gelatinous body 1,
(nimble swimmer 1), tentacles, wild magic 1, MP-powered wands
a: Renounce Religion


You were on level 2 of the Snake Pit.
You worshipped Vehumet.
Vehumet was extremely pleased with you.
You visited 6 branches of the dungeon, and saw 28 of its levels.
You also visited: Gauntlet and Ice Cave.

You collected 4306 gold pieces.
You spent 3882 gold pieces at shops.

Inventory:

Hand Weapons
 a - a +4 vorpal hand crossbow (weapon)
 b - a +2 spectral quarterstaff
 c - a +2 demon trident of venom
 i - the +5 quarterstaff "Beastbane" {vorpal, rElec Will- Str+2 SInv}
   (You bought it in a shop on level 2 of the Orcish Mines)

   It inflicts extra damage upon your enemies.
   Str:       It affects your strength (+2).
   rElec:     It insulates you from electricity.
   SInv:      It lets you see invisible.
   Will:      It decreases your willpower.
 t - the +3 Elemental Staff {rElec rF++ rC++ AC+5}
   (You acquired it on level 3 of the Lair of Beasts)

   If the wielder is skilled in Evocations, they can discharge powerful blasts
   of elemental energy when striking with it.
   It enhances your fire, ice, earth and air magic.
   AC:        It affects your AC (+5).
   rF:        It greatly protects you from fire.
   rC:        It greatly protects you from cold.
   rElec:     It insulates you from electricity.
Missiles
 s - 263 bolts (quivered ammo)
 F - 9 javelins
 M - a throwing net
 T - 9 curare-tipped darts {!*}
Armour
 l - a +2 hat (worn)
 S - the +5 buckler of the Grey Skies {Slay+2}
   (You found it on level 12 of the Dungeon)

   Slay:      It affects your accuracy & damage with ranged weapons and melee
   (+2).
Jewellery
 p - a ring of poison resistance (on tentacle)
 r - a +4 ring of slaying (on tentacle)
 u - a ring of willpower (on tentacle)
 w - a +6 ring of strength (left tentacle)
 x - a ring of resist corrosion
 A - a +4 ring of protection (right tentacle)
 E - a ring of protection from fire
 G - a ring of flight (on tentacle)
 I - the amulet of Tiahod (around mantle) {Acrobat Fragile rC+++ Regen+ Dex+3}
   (You found it on level 9 of the Dungeon)

   [amulet of the acrobat]

   It increases your evasion while moving and waiting.
   Dex:       It affects your dexterity (+3).
   rC:        It renders you almost immune to cold.
   Regen:     It increases your rate of health regeneration.
   Fragile:   It will be destroyed if unequipped.
 L - a ring of see invisible (on tentacle)
 X - a +6 ring of strength (on tentacle)
Wands
 e - a wand of acid (2)
 J - a wand of iceblast (8)
 N - a wand of charming (3)
 R - a wand of digging (5)
 Z - a wand of paralysis (12)
Scrolls
 f - 7 scrolls of fog
 g - a scroll of blinking
 o - 2 scrolls of summoning
 v - 3 scrolls of holy word
 y - 4 scrolls of teleportation
 B - a scroll of magic mapping
 K - a scroll of fear
Potions
 d - 2 potions of resistance
 h - 4 potions of heal wounds
 j - 3 potions of magic
 n - 3 potions of lignification
 q - a potion of brilliance
 z - 5 potions of curing
 D - 3 potions of haste
Miscellaneous
 k - a phial of floods
 m - a phantom mirror
 H - a box of beasts
 V - a condenser vane


   Skills:
 + Level 13.5 Fighting
 - Level 2.0(2.2) Short Blades
 - Level 1.4(2.0) Long Blades
 - Level 2.0 Polearms
 - Level 4.0 Crossbows
 - Level 2.0 Throwing
 - Level 4.0 Dodging
 - Level 14.0 Stealth
 - Level 5.0 Shields
 + Level 12.0 Spellcasting
 * Level 13.3 Conjurations
 - Level 3.0 Hexes
 * Level 3.6 Necromancy
 - Level 9.7 Fire Magic
 - Level 10.0 Ice Magic
 + Level 6.7 Air Magic
 - Level 4.0 Poison Magic
 - Level 3.6 Evocations


You had 2 spell levels left.
You knew the following spells:

 Your Spells              Type           Power      Damage    Failure   Level
a - Slow                  Hex            100%       N/A       2%          1
b - Poisonous Vapours     Pois/Air       96%        N/A       1%          2
c - Fireball              Conj/Fire      35%        3d15      1%          5
f - Conjure Flame         Conj/Fire      70%        6-21      1%          3
l - Freezing Cloud        Conj/Ice/Air   32%        6-21      1%          5
m - Mephitic Cloud        Conj/Pois/Air  58%        N/A       1%          3
o - Orb of Destruction    Conj           38%        9d13      7%          7
s - Sticky Flame          Conj/Fire      70%        2d8       1%          4
u - Sublimation of Blood  Necr           38%        N/A       3%          2
A - Ozocubu's Armour      Ice            65%        N/A       1%          3
H - Swiftness             Air            54%        N/A       1%          3

Your spell library contained the following spells:

 Spells                   Type           Power      Damage    Failure   Level
 Iron Shot                Conj/Erth      26%        9d6       16%         6
 Foxfire                  Conj/Fire      100%       2x1d9     1%          1
 Magic Dart               Conj           100%       1d8       1%          1
 Corpse Rot               Necr/Air       94%        N/A       1%          2
 Apportation              Tloc           34%        N/A       8%          1
 Call Imp                 Summ           17%        N/A       12%         2
 Passwall                 Tmut/Erth      14%        N/A       12%         2
 Frozen Ramparts          Ice            100%       1d12      1%          3
 Ignite Poison            Fire/Tmut/Pois 43%        N/A       1%          3
 Inner Flame              Hex/Fire       52%        N/A       1%          3
 Flame Wave               Conj/Fire      70%        2d11      1%          4
 Hailstorm                Conj/Ice       71%        3d15      1%          4
 Irradiate                Conj/Tmut      26%        3d22      3%          5
 Starburst                Conj/Fire      35%        6d10      3%          6
 Vampiric Draining        Necr           38%        2d8       5%          3
 Confusing Touch          Hex            34%        N/A       7%          3
 Ice Form                 Ice/Tmut       45%        N/A       10%         4
 Summon Ice Beast         Ice/Summ       45%        N/A       10%         4
 Portal Projectile        Hex/Tloc       50%        N/A       12%         3
 Summon Guardian Golem    Hex/Summ       25%        N/A       12%         3
 Metabolic Englaciation   Hex/Ice        26%        N/A       14%         5
 Animate Dead             Necr           19%        N/A       16%         4
 Gell's Gravitas          Tloc           17%        N/A       21%         3
 Teleport Other           Tloc           17%        N/A       21%         3
 Cause Fear               Hex            17%        N/A       21%         4
 Simulacrum               Ice/Necr       27%        N/A       50%         6
 Petrify                  Tmut/Erth      17%        N/A       52%         4
 Spellforged Servitor     Conj/Summ      26%        N/A       58%         7
 Alistair's Intoxication  Tmut/Pois      18%        N/A       61%         5
 Borgnjor's Vile Clutch   Necr/Erth      13%        N/A       63%         5
 Ignition                 Fire           32%        3d10      83%         8
 Death Channel            Necr           19%        N/A       90%         6
 Dispersal                Tloc           8%         N/A       100%        6
 Necromutation            Tmut/Necr      13%        N/A       100%        8


Dungeon Overview and Level Annotations

Branches:
Dungeon (15/15)            Temple (1/1) D:7            Lair (6/6) D:8
 Shoals (1/4) Lair:4        Snake (3/4) Lair:4        Slime (0/5) Lair:6
    Orc (2/2) D:9             Elf (0/3) Orc:2        Vaults (0/5) D:14
  IceCv (visited)         Gauntlet (visited)
 Depths: D:15

Altars:
Ashenzari
Cheibriados
Dithmenos
Elyvilon
Fedhas
Gozag
Kikubaaqudgha
Makhleb
Nemelex Xobeh
Okawaru
Qazlal
Ru
Sif Muna
Trog
Uskayaw
Vehumet
Wu Jian
Xom
Yredelemnul
Zin
The Shining One
Beogh
Jiyva

Shops:
D:14 ?   Orc:1 *=?   Orc:2 ?((=   Snake:1 =:=   Snake:2 :**=

Portals:
Hell: Lair:6
Trove: D:11 (show abyssal rune of Zot)

Annotations:
D:14 Agnes; Roxanne
D:15 exclusion: fire dragon
Lair:5 3 runed translucent doors, Gaergho's ghost, journeyman DrAK
Shoals:1 !aizul waiting, Aizul


Innate Abilities, Weirdness & Mutations

You cannot wear most types of armour.
You are amphibious.
You can wear up to eight rings at the same time.
Your skin changes colour to match your surroundings (Stealth+).
Your rubbery body absorbs attacks. (AC +1, EV +1)
((You are camouflaged near water. (Stealth+)))
You have tentacles for arms and can constrict up to eight enemies at once.
Your spells are a little harder to cast, but a little more powerful.
You expend magic power (3 MP) to strengthen your wands.


Message History

Casting: Freezing Cloud (mildly dangerous; 1% risk of failure)
Confirm with . or Enter, or press ? or * to list all spells.
Aiming: Freezing Cloud (mildly dangerous; 1% risk of failure)
Press: ? - help, Dir - move target The salamander mystic is engulfed in freezing vapours.
The salamander tyrant calls gouts of flame from the lava!
The flame surge hits you!!!
The salamander mystic is engulfed in freezing vapours.
Things that are here:
a +0 shortbow of flaming; 16 arrows Unknown command.
The salamander mystic is engulfed in freezing vapours.
The salamander mystic casts a spell at the salamander tyrant.
The salamander tyrant seems to speed up.
The salamander mystic is engulfed in freezing vapours.
The salamander mystic casts a spell at the salamander mystic.
The salamander mystic seems to speed up.
The salamander mystic is engulfed in freezing vapours.
The salamander mystic gestures at something while chanting.
The salamander tyrant is engulfed in freezing vapours.
The salamander mystic is engulfed in freezing vapours.
Casting: Freezing Cloud (mildly dangerous; 1% risk of failure)
Confirm with . or Enter, or press ? or * to list all spells.
Aiming: Freezing Cloud (mildly dangerous; 1% risk of failure)
Press: ? - help, Dir - move target, f - salamander mystic
Aim: a salamander mystic, wielding a +0 quarterstaff and wearing a +0 robe (almost dead)
You miscast Freezing Cloud.
You are very lightly contaminated with residual magic.
Nothing appears to happen.
The salamander tyrant is engulfed in freezing vapours.
The salamander tyrant calls gouts of flame from the lava!
The flame surge hits you!!!
The salamander mystic is engulfed in freezing vapours.
The salamander mystic points at the salamander mystic and mumbles some strange words.
The salamander mystic seems to speed up.
The salamander mystic is engulfed in freezing vapours. x2
The salamander tyrant is engulfed in freezing vapours.
The salamander tyrant calls gouts of flame from the lava!
The flame surge hits you!!!
You die... ..##....## ###........#.....### ##.......### .#####..# ####...........##.....### #.......# .# #...# ##........##....####.....####......## ## ##...# #.........###...>###......####......## # #....# #.........# ##....>#.......###.......# # ##...## ##.(.......# ##.........##...##.).....# #....# #..........# #........<.###............ #...#####.........## ############ ##........... ##.....##.........######## ### ##........... #................###§#≈#≈#≈#≈# #............ ##...............###...)...§... ##......^..[. #.............#..##.).....#≈#≈# #........... .............###.#..#≈#..#§# ####......... .............###.'.#≈§≈#.≈## ≈≈ #.....##.. ..............#..'.≈≈≈≈≈§## .NN

#...####.. ........[........).#≈§≈#.§## ..§ #...#
#.. ........)........#..#≈#.§#§#### ≈N.≈# ##...#
#.. ........(....##..##...)...#≈#§#N..≈≈###....#
#.. ......(.(....#######....@..).NNN.§≈###.....#
##.. ......(.(....########§#≈#≈#≈#≈#§#≈###..#..##
#... .......[...........############ # ###...#
#... #...............################
#######.#####... #.....(......)...####..........#
#..##8...8##...#
#.....##...........#....####..####.##8.....8##..#
#....#######.....)......# #...#..##8.......8####
#....## ##.)...)..(.## #....)##8....∩....8##
#.....# ##..........####.....#8...........8#
##....# #...................#.)...........##
#....# #............/....#.....∩..#..∩.....
#....# ##................####.......[.....#.
##...# #................## #8...........8#.
##...## #...........###### ##8....∩....8##.
##.....## ##...........# ##8.......8##..
........####............# ###8.....8##^..
..........#.)...........# ##.##8...8##....
........................#### ####...###.###.....
...........................####..................


You could see a salamander tyrant (fast) and 3 salamander mystics.

Vanquished Creatures
  Kirke (D:14)
  A nagaraja (Snake:2)
  2 orc warlords (Orc:2)
  An ironbound preserver (D:14)
  Azrael (Snake:2)
  A merfolk javelineer (Shoals:1)
  A merfolk impaler (Shoals:1)
  3 boulder beetles
  5 naga warriors
  4 ogre magi (Orc:2)
  3 centaur warriors
  A catoblepas (D:14)
  15 hydras
  2 anacondas
  An alligator (Lair:5)
  15 two-headed ogres
  Urug (Lair:4)
  2 naga sharpshooters
  2 tengu warriors (D:14)
  Sonja (Lair:5)
  A sun demon (Lair:6)
  12 death yaks
  5 skeletal warriors (D:12)
  A goliath frog (Lair:5)
  A naga ritualist (Snake:3)
  7 sea snakes
  2 wizards
  4 lindwurms (Lair:4)
  2 orc knights (D:9)
  An ugly thing (D:13)
  4 mana vipers
  An oklob plant (Lair:6)
  6 deep elf pyromancers
  3 orc sorcerers
  10 salamanders
  5 cyclopes
  A merfolk siren (Shoals:1)
  An ice statue (D:13)
  7 elephants (Lair:6)
  11 naga magi
  A smoke demon (Lair:6)
  24 black mambas
  A guardian serpent (Snake:2)
  A gargoyle (D:14)
  A torpor snail (Lair:4)
  15 cane toads
  4 molten gargoyles (D:15)
  An unseen horror (D:12)
  2 ice devils (Lair:6)
  3 orange demons (Lair:6)
  A freezing wraith (D:14)
  5 rime drakes
  9 komodo dragons
  A tengu conjurer (D:15)
  8 trolls
  3 merfolk (Shoals:1)
  A red devil (Lair:6)
  A wind drake (shapeshifter) (D:15)
  2 hornets
  A tyrant leech (Lair:5)
  9 blink frogs
  2 polar bears
  2 snapping turtles (Shoals:1)
  7 dream sheep (Lair:4)
  5 slime creatures
  A meliai zombie (D:10)
  2 shadows (D:9)
  60 yaks
  3 vampires
  2 wraiths (D:11)
  5 basilisks
  5 fire elementals (Snake:2)
  6 wyverns
  2 steam dragons
  3 hogs (D:14)
  3 humans (D:14)
  9 wargs
  16 vampire mosquitoes
  15 nagas
  A swamp worm (Lair:5)
  An acid dragon (D:14)
  6 hell hounds
  12 water moccasins
  2 black bears
  21 orc warriors
  3 sky beasts
  2 ice beasts
  2 necrophages
  31 ogres
  10 wolves
  14 centaurs
  3 kobold brigands
  2 phantoms
  7 bullfrogs
  3 gnoll sergeants
  5 scorpions
  A troll zombie (D:9)
  A wyvern skeleton (D:7)
  2 killer bees (D:8)
  12 electric eels
  2 howler monkeys
  A hound (D:5)
  5 centaur zombies
  A bullfrog skeleton (D:6)
  3 centaur skeletons
  15 orc priests
  4 iguanas
  Terence (D:2)
  28 orc wizards
  Natasha (twice) (D:2)
  7 ogre zombies (D:9)
  A hound zombie (D:4)
  Robin (D:2)
  19 gnolls
  8 adders
  2 shadow imps (D:7)
  2 white imps
  2 dart slugs
  71 orcs
  2 ball pythons (D:1)
  6 endoplasms
  4 giant cockroaches
  17 goblins
  14 hobgoblins
  3 jackals (D:4)
  2 quokkas
  8 bats
  3 frilled lizards (D:3)
  A goblin zombie (D:9)
  A hobgoblin skeleton (D:9)
  4 hobgoblin zombies (D:9)
  14 kobolds
  3 orc skeletons (D:9)
  16 orc zombies (D:9)
  2 rats (D:2)
  A bush (D:2)
  3 butterflies (D:8)
810 creatures vanquished.

Vanquished Creatures (collateral kills)
  A bullfrog (D:8)
  A kobold (D:8)
2 creatures vanquished.

Vanquished Creatures (others)
  66 fungi
  146 plants
212 creatures vanquished.

Grand Total: 1024 creatures vanquished

Notes
Turn   | Place    | Note
-------+----------+-------------------------------------------
     0 | D:1      | petzl the Octopode Arcane Marksman began the quest for the
                  | Orb.
     0 | D:1      | Reached XP level 1. HP: 13/13 MP: 2/2
    87 | D:1      | Reached XP level 2. HP: 18/18 MP: 3/3
   154 | D:1      | Reached skill level 1 in Stealth
   930 | D:2      | Noticed Natasha
  1030 | D:2      | Noticed Terence
  1404 | D:3      | Reached XP level 3. HP: 17/23 MP: 4/4
  2178 | D:3      | Reached skill level 2 in Stealth
  2427 | D:5      | Entered Level 5 of the Dungeon
  2429 | D:5      | Noticed a sky beast
  2762 | D:3      | Reached XP level 4. HP: 28/28 MP: 5/5
  3590 | D:3      | Reached skill level 1 in Evocations
  3610 | D:3      | Reached XP level 5. HP: 33/33 MP: 7/7
  3923 | D:4      | Reached skill level 1 in Short Blades
  3923 | D:4      | Reached skill level 3 in Stealth
  3959 | D:4      | Found a blossoming altar of Fedhas.
  4561 | D:4      | Noticed an ice beast
  4697 | D:4      | Reached XP level 6. HP: 35/39 MP: 5/8
  4853 | D:5      | Noticed a necrophage
  4911 | D:5      | Found an ancient bone altar of Kikubaaqudgha.
  4934 | D:5      | Noticed a black bear
  4942 | D:5      | Killed a black bear
  4962 | D:5      | Found a white marble altar of Elyvilon.
  5116 | D:5      | Reached skill level 4 in Stealth
  5145 | D:5      | Reached XP level 7. HP: 33/45 MP: 7/10
  6239 | D:2      | Killed Terence
  6398 | D:4      | Gained mutation: You do not regenerate when monsters are
                  | visible. [potion of mutation]
  6398 | D:4      | Gained mutation: Your mind is acute. (Int +2) [potion of
                  | mutation]
  6399 | D:4      | Lost mutation: Your mind is acute. (Int +2) [potion of
                  | mutation]
  6399 | D:4      | Lost mutation: You do not regenerate when monsters are
                  | visible. [potion of mutation]
  6399 | D:4      | Gained mutation: Your flesh is cold resistant. (rC+)
                  | [potion of mutation]
  6399 | D:4      | Gained mutation: You sometimes lose the ability to read
                  | scrolls when taking damage. [potion of mutation]
  6399 | D:4      | Gained mutation: You possess an exceptional clarity of
                  | mind. [potion of mutation]
  6836 | D:2      | Noticed Robin
  6968 | D:2      | Killed Natasha
  7111 | D:2      | Killed Robin
  7194 | D:2      | Found a faded altar of an unknown god.
  7308 | D:2      | Noticed Natasha
  7315 | D:2      | Killed Natasha
  7972 | D:5      | Reached skill level 5 in Stealth
  7972 | D:5      | Reached XP level 8. HP: 34/52 MP: 12/12
  7982 | D:5      | Learned a level 3 spell: Conjure Flame
  7987 | D:5      | Learned a level 4 spell: Flame Wave
  8316 | D:5      | Lost mutation: You possess an exceptional clarity of mind.
                  | [potion of mutation]
  8316 | D:5      | Lost mutation: You sometimes lose the ability to read
                  | scrolls when taking damage. [potion of mutation]
  8316 | D:5      | Lost mutation: Your flesh is cold resistant. (rC+) [potion
                  | of mutation]
  8316 | D:5      | Gained mutation: You expend magic power (3 MP) to
                  | strengthen your wands. [potion of mutation]
  8316 | D:5      | Gained mutation: Your spells are a little harder to cast,
                  | but a little more powerful. [potion of mutation]
  8383 | D:6      | Reached skill level 1 in Conjurations
  8461 | D:6      | Reached skill level 1 in Fire Magic
  8795 | D:6      | Found a shimmering altar of Xom.
  8903 | D:6      | Found a shimmering altar of Xom.
  8904 | D:6      | Found a shimmering altar of Xom.
  8946 | D:6      | Found a shimmering altar of Xom.
  8946 | D:6      | Found a shimmering altar of Xom.
  9201 | D:6      | Found a shimmering altar of Xom.
  9385 | D:7      | Noticed a wyvern
  9781 | D:8      | Noticed a yak
  9781 | D:8      | Noticed a yak
  9781 | D:8      | Noticed a yak
  9781 | D:8      | Noticed a yak
  9781 | D:8      | Noticed a yak
  9837 | D:8      | Reached XP level 9. HP: 56/56 MP: 11/15
 10617 | D:8      | Found a runed translucent door.
 10618 | D:8      | Found a runed translucent door.
 10647 | D:7      | Found an iron altar of Okawaru.
 10685 | D:8      | Found a staircase to the Lair.
 10691 | Lair:1   | Entered Level 1 of the Lair of Beasts
 11500 | D:9      | Found a staircase to the Orcish Mines.
 11657 | D:8      | Reached skill level 5 in Conjurations
 11669 | D:8      | Reached skill level 5 in Fire Magic
 12044 | D:8      | Reached skill level 5 in Spellcasting
 12061 | D:8      | Reached skill level 6 in Stealth
 12290 | D:6      | Reached XP level 10. HP: 63/63 MP: 15/18
 12365 | D:7      | Found a staircase to the Ecumenical Temple.
 12380 | Temple   | Entered the Ecumenical Temple
 12406 | Temple   | Became a worshipper of Vehumet
 13240 | D:7      | Reached skill level 7 in Stealth
 13502 | D:7      | Found a sacrificial altar of Ru.
 14678 | D:9      | Reached * piety under Vehumet
 14678 | D:9      | Offered knowledge of Shock by Vehumet.
 14783 | D:9      | Reached skill level 5 in Fighting
 15380 | D:9      | Identified the amulet of Tiahod {Acrobat Fragile rC+++
                  | Regen+ Dex+3}
 15476 | D:9      | Reached skill level 8 in Stealth
 15742 | D:9      | Reached ** piety under Vehumet
 15750 | D:9      | Offered knowledge of Searing Ray by Vehumet.
 15995 | D:10     | Entered Level 10 of the Dungeon
 16109 | D:9      | Found a bloodstained altar of Trog.
 16354 | D:9      | Learned a level 3 spell: Swiftness
 16355 | Orc:1    | Entered Level 1 of the Orcish Mines
 16445 | Orc:1    | Noticed a cyclops
 16452 | Orc:1    | Noticed an orc knight
 16453 | Orc:1    | Killed a cyclops
 16454 | Orc:1    | Reached skill level 1 in Air Magic
 16459 | Orc:1    | Noticed a two-headed ogre
 16471 | D:9      | Killed an orc knight
 16472 | D:9      | Reached skill level 1 in Long Blades
 16472 | D:9      | Reached skill level 1 in Polearms
 16472 | D:9      | Reached skill level 1 in Shields
 16472 | D:9      | Reached XP level 11. HP: 45/72 MP: 9/21
 16920 | Lair:2   | Found a frozen archway.
 16939 | IceCv    | Entered an ice cave
 17089 | Lair:1   | Learned a level 3 spell: Ozocubu's Armour
 17177 | Lair:1   | Noticed a seven-headed hydra
 17349 | Lair:1   | Reached skill level 1 in Ice Magic
 17570 | Lair:1   | Killed a seven-headed hydra
 17938 | Lair:2   | Noticed an eight-headed hydra
 17976 | Lair:2   | Killed an eight-headed hydra
 17976 | Lair:2   | Offered knowledge of Mephitic Cloud by Vehumet.
 17977 | Lair:2   | Reached skill level 5 in Ice Magic
 17977 | Lair:2   | Reached skill level 5 in Air Magic
 18045 | Lair:2   | Noticed a five-headed hydra
 18072 | Lair:2   | Killed a five-headed hydra
 18208 | Lair:2   | Reached XP level 12. HP: 79/79 MP: 22/22
 18316 | D:8      | Reached *** piety under Vehumet
 18749 | Lair:3   | Found a gate leading to a gauntlet.
 18791 | Gauntlet | Entered a Gauntlet
 18791 | Gauntlet | Found a transporter.
 18791 | Gauntlet | Found a transporter.
 18796 | Gauntlet | Found a transporter.
 18796 | Gauntlet | Found a transporter.
 18797 | Gauntlet | Found a transporter.
 18797 | Gauntlet | Found a transporter.
 18827 | Gauntlet | Noticed a tengu warrior
 18829 | Gauntlet | Found a transporter.
 18833 | Gauntlet | Found a transporter.
 18835 | Gauntlet | Noticed a death scarab
 18835 | Gauntlet | Noticed a death scarab
 18842 | Gauntlet | Found a transporter.
 18856 | Gauntlet | Found a runed translucent gate.
 18857 | Gauntlet | Found a transporter.
 18857 | Gauntlet | Found a runed translucent gate.
 18858 | Gauntlet | Found a runed translucent gate.
 18860 | Gauntlet | Noticed a thrashing horror
 18861 | Gauntlet | Found a transporter.
 18894 | Gauntlet | Found a transporter.
 18898 | Gauntlet | Found a runed translucent door.
 18898 | Gauntlet | Found a runed translucent door.
 18978 | Gauntlet | Learned a level 3 spell: Mephitic Cloud
 18998 | Gauntlet | Noticed a satyr
 19007 | Gauntlet | Noticed an entropy weaver
 19007 | Gauntlet | a satyr changed into an entropy weaver
 19016 | Gauntlet | Noticed a shock serpent
 19217 | Lair:3   | Reached skill level 1 in Poison Magic
 19482 | Lair:3   | Got the Grimoire of Changing
 19833 | Lair:3   | Identified a scroll of acquirement
 21245 | Lair:4   | Offered knowledge of Fulminant Prism by Vehumet.
 21420 | Lair:4   | Noticed Urug
 21452 | Lair:4   | Killed Urug
 21766 | Lair:4   | Found a staircase to the Snake Pit.
 21780 | Lair:4   | Reached **** piety under Vehumet
 21838 | Lair:5   | Reached XP level 13. HP: 90/90 MP: 25/25
 22017 | Lair:4   | Learned a level 5 spell: Fireball
 22119 | Lair:4   | Offered knowledge of Dazzling Flash by Vehumet.
 22220 | Lair:4   | Found a staircase to the Shoals.
 22533 | Lair:4   | Reached skill level 9 in Stealth
 22866 | Lair:4   | Reached skill level 10 in Fighting
 23390 | Lair:5   | Reached ***** piety under Vehumet
 23639 | Lair:5   | Found a runed translucent gate.
 23640 | Lair:5   | Noticed an acid blob
 23642 | Lair:5   | Found a runed translucent gate.
 23758 | Lair:5   | Found a runed translucent gate.
 23758 | Lair:5   | Noticed an azure jelly
 23759 | Lair:5   | Noticed an acid blob
 23759 | Lair:5   | Noticed an acid blob
 23760 | Lair:5   | Noticed an acid blob
 23760 | Lair:5   | Noticed Gaergho's ghost (journeyman DrAK)
 23761 | Lair:5   | Noticed an azure jelly
 23948 | Lair:6   | Entered Level 6 of the Lair of Beasts
 23952 | Lair:6   | Offered knowledge of Sticky Flame by Vehumet.
 23963 | Lair:5   | Learned a level 4 spell: Sticky Flame
 23983 | Lair:5   | Noticed Sonja
 23986 | Lair:5   | Killed Sonja
 23989 | Lair:5   | Reached skill level 10 in Stealth
 24337 | Lair:6   | Reached XP level 14. HP: 99/99 MP: 10/27
 24830 | Lair:5   | Found a viscous altar of Jiyva.
 24830 | Lair:5   | Noticed an acid blob
 24960 | Lair:6   | Reached skill level 10 in Conjurations
 25618 | Lair:6   | Reached skill level 11 in Stealth
 25665 | Lair:6   | Found a bloodstained altar of Trog.
 26614 | Lair:6   | Learned a level 2 spell: Poisonous Vapours
 26676 | Lair:6   | Found a viscous altar of Jiyva.
 26677 | Lair:6   | Found a staircase to the Slime Pits.
 27017 | Lair:6   | Reached skill level 10 in Spellcasting
 27267 | Lair:6   | Found a burning altar of Makhleb.
 27273 | Lair:6   | Found a gateway to Hell.
 27833 | Orc:1    | Reached XP level 15. HP: 34/106 MP: 17/29
 28528 | D:10     | Offered knowledge of Iskenderun's Battlesphere by Vehumet.
 28966 | D:10     | Found a shimmering blue altar of Sif Muna.
 29540 | D:11     | Reached skill level 12 in Stealth
 29999 | D:11     | Found a portal to a secret trove of treasure.
 30082 | D:11     | Reached skill level 10 in Ice Magic
 30240 | D:12     | Identified the +5 buckler of the Grey Skies {Slay+2}
 30864 | D:12     | You are sucked into a shaft and drop 1 floor!
 31815 | D:13     | Reached skill level 5 in Shields
 32303 | D:13     | Reached skill level 1 in Throwing
 33050 | D:14     | Found a gate to the Vaults.
 33088 | D:14     | Found Utafewni's Magic Scroll Emporium.
 33100 | D:14     | Bought a scroll of identify for 32 gold pieces
 33100 | D:14     | Bought 2 scrolls of identify for 64 gold pieces
 33100 | D:14     | Bought a scroll of acquirement for 832 gold pieces
 33100 | D:14     | Bought a scroll of identify for 32 gold pieces
 33100 | D:14     | Bought a scroll of magic mapping for 56 gold pieces
 33587 | D:14     | Noticed Agnes
 33679 | D:14     | Noticed Roxanne
 33869 | D:14     | Noticed Kirke
 33928 | D:14     | Killed Kirke
 34183 | D:14     | Found an opulent altar of Gozag.
 34297 | D:15     | Entered Level 15 of the Dungeon
 35732 | Shoals:1 | Entered Level 1 of the Shoals
 36203 | Orc:1    | Reached skill level 13 in Stealth
 36269 | Orc:1    | Offered knowledge of Lee's Rapid Deconstruction by Vehumet.
 36488 | Orc:1    | Reached XP level 16. HP: 108/114 MP: 10/30
 36827 | Orc:1    | Found Etsukuxe's Jewellery Shop.
 36846 | Orc:1    | Found Myofuot's Magic Scroll Shop.
 36854 | Orc:1    | Bought a scroll of teleportation for 39 gold pieces
 37072 | Orc:1    | Found Nimofe's General Store.
 37082 | Orc:1    | Bought a potion of curing for 39 gold pieces
 37182 | Orc:2    | Entered Level 2 of the Orcish Mines
 38027 | Orc:2    | Found Qoasaa's Antique Weapon Emporium.
 38027 | Orc:2    | Found Tuschajei's Magic Scroll Boutique.
 38028 | Orc:2    | Found Egynalaro's Jewellery Shop.
 38028 | Orc:2    | Found Nusiruva's Weapon Emporium.
 38457 | Orc:2    | Offered knowledge of Ozocubu's Refrigeration by Vehumet.
 38685 | Orc:2    | Bought a scroll of blinking for 120 gold pieces
 38690 | Orc:2    | Bought an ivory quarterstaff for 297 gold pieces
 38690 | Orc:2    | Identified the +5 quarterstaff "Beastbane" {vorpal, rElec
                  | Will- Str+2 SInv} (You bought it in a shop on level 2 of
                  | the Orcish Mines)
 38701 | Orc:2    | Found a staircase to the Elven Halls.
 38987 | Orc:2    | Bought a ring of poison resistance for 300 gold pieces
 38993 | Orc:2    | Bought a scroll of enchant weapon for 120 gold pieces
 39301 | Orc:1    | Acquired the +3 Elemental Staff {rElec rF++ rC++ AC+5}
 39301 | Orc:1    | Found the +3 Elemental Staff {rElec rF++ rC++ AC+5}
 39305 | Orc:1    | Bought a ring of see invisible for 240 gold pieces
 39353 | Orc:1    | Bought 2 potions of curing for 78 gold pieces
 39401 | Orc:1    | Bought a scroll of enchant weapon for 97 gold pieces
 40207 | Shoals:1 | Noticed Aizul
 40363 | Snake:1  | Entered Level 1 of the Snake Pit
 40525 | Snake:1  | Reached skill level 14 in Stealth
 41210 | Snake:1  | Found Aresiewu's Book Shop.
 41211 | Snake:1  | Found Tefassokhlu's Jewellery Shoppe.
 41211 | Snake:1  | Found Qalan's Jewellery Shoppe.
 41224 | Snake:1  | Acquired 1233 gold pieces
 41226 | Snake:1  | Bought a book of Dangerous Friends for 640 gold pieces
 41226 | Snake:1  | Bought a Trismegistus Codex for 448 gold pieces
 41226 | Snake:1  | Bought a book of Alchemy for 448 gold pieces
 41232 | Snake:1  | Learned a level 5 spell: Freezing Cloud
 41366 | D:8      | Learned a level 7 spell: Orb of Destruction
 41369 | D:8      | Learned a level 2 spell: Sublimation of Blood
 42199 | Snake:2  | Found Xuunu's General Store.
 42201 | Snake:2  | Found Peanneh's Jewellery Boutique.
 42201 | Snake:2  | Found Nahexeco's Book Shop.
 42204 | Snake:2  | Found Ipsasm's General Store.
 42218 | Snake:2  | Reached skill level 1 in Necromancy
 42812 | Snake:2  | Noticed a nagaraja
 42816 | Snake:2  | Killed a nagaraja
 43061 | Snake:2  | Noticed Azrael
 43068 | Snake:2  | Killed Azrael
 43569 | Snake:2  | Offered knowledge of Iron Shot by Vehumet.
 43576 | Snake:2  | Reached XP level 17. HP: 123/123 MP: 23/32
 44260 | Snake:2  | Killed from afar by a salamander tyrant

Illustrated notes

Levels and vault maps discovered:
D:1:      dpeg_arrival_simpleton_c, layout_rooms, palyth_stone_intersect,
          chequers_serial_rivers_large_b
D:2:      layout_loops_corners, shapermc_ecumenical_altar_petra,
          minmay_hedge_maze, uniq_natasha, uniq_terence, uniq_robin
D:3:      layout_loops_corners
D:4:      layout_basic, lemuel_round_altar
D:5:      layout_loops_ring, elyvilon_altar_5, mainiacjoe_overflow_boulevard,
          nicolae_concentric_dashed_squares_wild
D:6:      layout_rooms, xom_redecorated
D:7:      wad_lake_hut, layout_cave_pools, nicolae_overflow_hidden_temple,
          nicolae_ru_the_path_less_chosen, minmay_temple_entry_grid,
          minmay_checkerbox
D:8:      lemuel_insect_pit, layout_basic, dpeg_oklobed_lair
D:9:      layout_cave_pools, trog_butcher_becter, zombieorc2_lemuel
D:10:     erik_rubicon_b, layout_loops_ring, mainiacjoe_overflow_alcove_2,
          kennysheep_donut
D:11:     layout_loops_ring, nicolae_trove_entry_isolated
D:12:     layout_roguey
D:13:     layout_grid_maze, minmay_statue_bubble
D:14:     layout_stronghold, skrybe_vaults_entry_preservation, serial_shops,
          nicolae_shop_waterfront, grunt_gozag_breadcrumbs, uniq_agnes,
          uniq_kirke, uniq_roxanne
D:15:     grunt_enter_depths_hoard, layout_cave_pools, grunt_decor_resistance,
          minivault_8
Temple:   eino_temple_lava
Lair:1:   layout_cellular_growth, nicolae_quartered_pool_medium,
          grunt_megastairs_5, infiniplex_staircase_pool_2
Lair:2:   layout_misc_corridors, portal_ice_cave_entry_pillars_2,
          chequers_serial_rivers_small_b
Lair:3:   layout_layer_cave, gauntlet_entry_generic, grunt_megastairs_3
Lair:4:   layout_loops_ring, minmay_shoals_entry_centaurs,
          minmay_snake_entry_six_corridors, minmay_lindwurm_lava, uniq_urug
Lair:5:   onia_ninara_swampy_vault, layout_regular_city, serial_bayou,
          serial_bayou_pond_b, serial_bayou_pond_c, serial_bayou_pond_d,
          serial_bayou_pond_e, gammafunk_ghost_ooze, uniq_sonja
Lair:6:   evil_forest, layout_regular_city, slime_altar_1,
          lemuel_altar_in_water2
Shoals:1: layout_shoals, uniq_jorgrun, uniq_aizul
Snake:1:  layout_basic, minmay_shop_grove
Snake:2:  cheibrodos_snake_lava_hold, layout_onion, minmay_shoptagon,
          serial_bayou_shore_a, lemuel_fruit_tree, uniq_azrael
Snake:3:  layout_chambers, basic_altar
Orc:1:    layout_caves, serial_shops, shop, guppyfry_orc_lava_fort
Orc:2:    st_orc_ogre_mass, layout_caves, basic_altar, nicolae_orc_bridge_out

Skill      XL: |  1  2  3  4  5  6  7  8  9 10 11 12 13 14 15 16 17 |
---------------+----------------------------------------------------+-----
Stealth        | 1 2 3 4 5 6 8 10 11 13 14 | 14.0
Dodging        | 3 4 |  4.0
Evocations     | 1 2 3 |  3.6
Short Blades   | 1 2 |  2.0
Fighting       | 2 3 5 6 9 10 11 12 13 | 13.5
Crossbows      | 3 4 |  4.0
Spellcasting   | 2 3 4 5 6 7 8 9 10 11 12 | 12.0
Conjurations   | 4 6 7 9 11 12 13 | 13.3
Fire Magic     | 4 6 7 8 9 |  9.7
Air Magic      | 2 6 |  6.7
Long Blades    | 1 |  1.4
Polearms       | 1 2 |  2.0
Shields        | 1 2 5 |  5.0
Ice Magic      | 6 7 8 9 10 | 10.0
Poison Magic   | 4 |  4.0
Throwing       | 2 |  2.0
Necromancy     | 2 3 |  3.6
Hexes          | |  3.0

Action                   |  1- 3 |  4- 6 |  7- 9 | 10-12 | 13-15 | 16-18 || total
-------------------------+-------+-------+-------+-------+-------+-------++-------
Melee: Spear             |    39 |       |       |       |       |       ||    39
       Constrict         |     6 |    13 |    32 |    24 |    58 |    13 ||   146
       Tentacles         |     5 |     9 |    44 |    36 |    98 |    18 ||   210
       Dagger            |     7 |    61 |    94 |     4 |       |       ||   166
       Whip              |       |       |   133 |    27 |       |       ||   160
       Trident           |       |       |       |    63 |     3 |       ||    66
       Quarterstaff      |       |       |       |    55 |   296 |    54 ||   405
       Hand crossbow     |       |       |       |       |     1 |       ||     1
 Fire: Hand crossbow     |    48 |    39 |   136 |   331 |   190 |   230 ||   974
Throw: Dart              |     1 |     6 |     2 |     1 |     1 |     2 ||    13
 Cast: Slow              |    10 |    21 |    78 |   116 |    45 |     1 ||   271
       Conjure Flame     |       |       |    12 |   110 |    55 |     4 ||   181
       Flame Wave        |       |       |       |    11 |     2 |       ||    13
       Ozocubu's Armour  |       |       |       |    12 |    67 |    18 ||    97
       Swiftness         |       |       |       |     2 |     6 |     1 ||     9
       Mephitic Cloud    |       |       |       |    14 |    46 |     9 ||    69
       Fireball          |       |       |       |       |   253 |   107 ||   360
       Sticky Flame      |       |       |       |       |    38 |    15 ||    53
       Poisonous Vapours |       |       |       |       |     2 |     6 ||     8
       Freezing Cloud    |       |       |       |       |       |    62 ||    62
       Orb of Destructio |       |       |       |       |       |     7 ||     7
       Sublimation of Bl |       |       |       |       |       |     3 ||     3
Evoke: Wand              |       |     2 |     3 |    14 |     3 |       ||    22
  Use: Scroll            |       |     3 |     4 |    11 |    17 |     6 ||    41
       Potion            |       |       |     6 |     3 |     7 |       ||    16
 Stab: Sleeping          |     7 |     8 |     1 |     1 |     2 |       ||    19
       Confused          |       |       |       |       |     5 |       ||     5
       Distracted        |       |       |       |       |     3 |     1 ||     4
Armor: Skin              |     6 |     1 |    14 |    52 |   136 |    16 ||   225
Dodge: Dodged            |    38 |    26 |   155 |   152 |   338 |    89 ||   798
Block: Other             |       |       |     8 |    17 |       |       ||    25
       Reflection        |       |       |       |     2 |       |       ||     2
       Buckler           |       |       |       |       |     2 |       ||     2

Table legend: (Time is in decaauts)
 A = Elapsed time spent in this place.
 B = Non-inter-level travel time spent in this place.
 C = Inter-level travel time spent in this place.
 D = Time resting spent in this place.
 E = Time spent auto-exploring this place.
 F = Levels seen in this place.
 G = Mean time per level.
                   A        B        C        D        E       F      G
               +--------+--------+--------+--------+--------+-----+--------+
         Total |  44686 |  39175 |   5511 |  11666 |   8999 |  30 | 1489.5 |
       Dungeon |  25375 |  21877 |   3498 |   6720 |   6803 |  15 | 1691.7 |
        Temple |     38 |     19 |     19 |      0 |      0 |   1 |   38.0 |
          Lair |  11698 |  10220 |   1478 |   2909 |   1467 |   6 | 1949.7 |
        Shoals |    620 |    620 |      0 |    240 |      0 |   1 |  620.0 |
     Snake Pit |   3271 |   3109 |    162 |   1000 |    136 |   3 | 1090.3 |
  Orcish Mines |   3329 |   2977 |    352 |    770 |    593 |   2 | 1664.5 |
      Ice Cave |     48 |     48 |      0 |      0 |      0 |   1 |   48.0 |
      Gauntlet |    304 |    304 |      0 |     25 |      0 |   1 |  304.0 |
               +--------+--------+--------+--------+--------+-----+--------+

Top non-repeatable levels by time:
     D:8: 4479 daAuts
  Lair:4: 3123 daAuts
     D:2: 2456 daAuts
     D:9: 2315 daAuts
  Lair:5: 2222 daAuts
  Lair:6: 2014 daAuts
 Snake:2: 1996 daAuts
    D:14: 1910 daAuts
     D:4: 1791 daAuts
   Orc:2: 1765 daAuts
     D:5: 1765 daAuts
  Lair:3: 1667 daAuts
     D:6: 1573 daAuts
   Orc:1: 1563 daAuts
     D:3: 1553 daAuts
